 Dungeon Crawl Stone Soup version 0.30.0 (webtiles) character file.

Game seed: 15614169550401193493

1749 brinewave the Cleaver (level 8, -1/73 HPs)
             Began as a Minotaur Monk on May 15, 2023.
             Slain by an efreet
             ... wielding a +2 scimitar of flaming
              (6 damage)
             ... on level 9 of the Dungeon.
             The game lasted 00:14:01 (5696 turns).

brinewave the Cleaver (Minotaur Monk)               Turns: 5696, Time: 00:14:02

Health: -1/73      AC: 12    Str: 27    XL:     8   Next: 78%
Magic:  0/7        EV: 11    Int:  7    God:
Gold:   209        SH:  0    Dex: 13    Spells: 7/7 levels left

rFire   . . .        x - +4 battleaxe
rCold   . . .        (shield currently unavailable)
rNeg    + . .        o - +0 chain mail
rPois   .            (helmet restricted)
rElec   .            (no cloak)
rCorr   .            (no gloves)
SInv    .            B - +1 pair of boots {Stlth+}
Will    .....        s - amulet "Acaem" {Spirit Contam Fragile Str+9} Stlth
                     e - ring of positive energy
HPRegen 0.32/turn    (no ring)
MPRegen 0.10/turn

%: guardian spirit
@: no status effects
A: horns 2, retaliatory headbutt
a: no special abilities


You were on level 9 of the Dungeon.
You visited 1 branch of the dungeon, and saw 7 of its levels.
You also visited: Ossuary.

You collected 491 gold pieces.
You spent 282 gold pieces at shops.

Inventory:

Hand Weapons
 x - a +4 battleaxe (weapon)
 y - a +4 morningstar
Missiles
 f - 7 poisoned darts (quivered)
 h - 83 stones
 C - a throwing net
Armour
 o - a +0 chain mail (worn)
 p - a +0 buckler
 B - a +1 pair of boots of stealth (worn)
Jewellery
 e - a ring of positive energy (left hand)
 s - the amulet "Acaem" (around neck) {Spirit Contam Fragile Str+9}
   (You found it on level 5 of the Dungeon)

   [amulet of guardian spirit]

   It causes incoming damage to be divided between your reserves of health and
   magic.
   Str:       It affects your strength (+9).
   Contam:    It causes magical contamination when unequipped.
   Fragile:   It will be destroyed if unequipped.
Wands
 r - a wand of charming (20)
 t - a wand of quicksilver (6)
 D - a wand of polymorph (4)
Scrolls
 b - a scroll of fear {unknown}
 d - a scroll of silence {unknown}
 g - 3 scrolls of teleportation
 j - 4 scrolls of enchant weapon
 k - a scroll of butterflies
 v - 2 scrolls of enchant armour
 w - a scroll of vulnerability {unknown}
Potions
 a - a potion of might
 c - 2 potions of ambrosia
 i - 2 potions of haste
 l - a potion of cancellation {unknown}
 m - 2 potions of curing
 n - a potion of heal wounds
 q - 4 potions of lignification
 u - a potion of flight
 z - 2 potions of magic
 A - a potion of mutation


   Skills:
 + Level 7.0 Fighting
 * Level 9.3 Axes
 + Level 5.9 Armour
 + Level 6.4 Dodging


You had 7 spell levels left.
You didn't know any spells.
Your spell library contained the following spells:

 Spells                   Type           Power      Damage    Failure   Level
 Beastly Appendage        Tmut           0%         N/A       90%         1
 Foxfire                  Conj/Fire      0%         2x1d4     90%         1
 Necrotise                Necr           0%         1d4       90%         1
 Wereblood                Tmut           0%         N/A       97%         2
 Spider Form              Tmut/Pois      0%         N/A       99%         3
 Vampiric Draining        Necr           0%         2d6       99%         3
 Agony                    Necr           0%         N/A       100%        5
 Blade Hands              Tmut           0%         N/A       100%        5
 Fireball                 Conj/Fire      0%         3d3       100%        5
 Irradiate                Conj/Tmut      0%         3d11      100%        5
 Plasma Beam              Fire/Air       0%         2x1d11    100%        6
 Starburst                Conj/Fire      0%         6d3       100%        6
 Dragon Form              Tmut           0%         N/A       100%        7


Dungeon Overview and Level Annotations

Branches:
Dungeon (6/15)            Ossuary (visited)
 Temple: D:4-7

Altars:
Dithmenos
Fedhas
Hepliaklqana
Kikubaaqudgha
Qazlal
Sif Muna
Uskayaw
Xom

Shops:
D:6 *

Annotations:
D:6 2 runed translucent doors, Eeriemist's ghost, novice TrFi


Innate Abilities, Weirdness & Mutations

You have a pair of horns on your head.
You reflexively headbutt those who attack you in melee.


Message History

The killer bee is severely wounded.
You feel very sick.
The killer bee stings you but does no damage.
The killer bee barely misses you.
You miss the killer bee. Your headbutt misses the killer bee.
The killer bee is severely wounded.
You feel sick. The killer bee barely misses you. You furiously retaliate!
You headbutt the killer bee.
The killer bee stings you but does no damage.
The howler monkey hoots and howls with incredible vigour!
The killer bee barely misses you.
You hear a bellow!
You slash the killer bee!
You kill the killer bee!
You feel sick.
You feel better. The efreet gestures at you.
The fireball explodes!
The fireball engulfs you!
The fireball engulfs the efreet.
The efreet completely resists.
You barely miss the efreet. The efreet gestures at you.
The fireball explodes!
The fireball engulfs you!
* * * LOW HITPOINT WARNING * * *
The fireball engulfs the efreet.
The efreet completely resists.
The efreet hits you with a +2 scimitar of flaming.
* * * LOW HITPOINT WARNING * * *
The efreet burns you.
* * * LOW HITPOINT WARNING * * *
You feel much better.
The efreet hits you with a +2 scimitar of flaming.
* * * LOW HITPOINT WARNING * * *
The efreet burns you.
* * * LOW HITPOINT WARNING * * *
Sorry, you're not good enough to have a special ability.
You barely miss the efreet. Your headbutt misses the efreet.
A centaur comes into view.
The efreet hits you with a +2 scimitar of flaming!
* * * LOW HITPOINT WARNING * * *
The efreet burns you.
You die...

...# hR.°#
#......☼ #.y#..
.. #...# #..
#).# ##... #○.#
#..... #.○#
......
#.h####.....
#.CR@...#
#.###..## #
#.##..###...#
###.....c.....#
#......######.#
###......#
#........#
#........#....#
#.......##....#


You could see a cyclops, an efreet, a centaur and a howler monkey.

Vanquished Creatures
  A wyvern (D:9)
  2 black bears (D:5)
  A sky beast (D:6)
  A centaur (D:5)
  A phantom (D:4)
  2 scorpions
  4 water moccasin zombies (Ossuary)
  5 wights (D:6)
  2 killer bees (D:9)
  A howler monkey (D:5)
  2 hounds (D:5)
  An orc priest (D:9)
  Jessica (D:2)
  2 iguanas
  2 mummies (Ossuary)
  11 adders
  A gnoll (D:5)
  An ufetubus (D:6)
  5 adder zombies (Ossuary)
  2 worms (D:5)
  2 dart slugs (D:3)
  23 orcs
  2 bat zombies (D:4)
  4 endoplasms
  A giant cockroach (D:3)
  4 gnoll zombies (Ossuary)
  3 hobgoblins
  3 quokkas
  9 ball pythons
  3 bats
  3 frilled lizards
  9 goblins
  4 hobgoblin zombies (Ossuary)
  8 kobolds
  5 kobold zombies (Ossuary)
  4 orc zombies (Ossuary)
  4 rats
  A rat zombie (D:4)
140 creatures vanquished.

Notes
Turn   | Place    | Note
-------+----------+-------------------------------------------
     0 | D:1      | brinewave the Minotaur Monk began the quest for the Orb.
     0 | D:1      | Reached XP level 1. HP: 19/19 MP: 0/0
   130 | D:1      | Reached XP level 2. HP: 27/27 MP: 1/1
   194 | D:1      | Reached skill level 4 in Axes
   445 | D:1      | Reached skill level 1 in Armour
   871 | D:2      | Noticed Jessica
   878 | D:2      | Killed Jessica
   879 | D:2      | Reached XP level 3. HP: 20/33 MP: 2/2
  1086 | D:2      | Reached XP level 4. HP: 40/40 MP: 3/3
  1490 | D:2      | Found a shimmering altar of Xom.
  2152 | D:3      | Found a shadowy altar of Dithmenos.
  2198 | D:3      | Reached skill level 5 in Axes
  2655 | D:4      | Reached XP level 5. HP: 46/47 MP: 4/4
  2724 | D:4      | Noticed a phantom
  2737 | D:4      | Killed a phantom
  3238 | D:4      | Found a blossoming altar of Fedhas.
  3247 | D:4      | Found a shimmering blue altar of Sif Muna.
  3338 | D:4      | Reached XP level 6. HP: 55/55 MP: 5/5
  3503 | D:4      | Found an ancient bone altar of Kikubaaqudgha.
  3645 | D:5      | Entered Level 5 of the Dungeon
  3675 | D:5      | Reached skill level 5 in Fighting
  3675 | D:5      | Reached skill level 6 in Axes
  3832 | D:5      | Found a hazy altar of Hepliaklqana.
  3913 | D:5      | Identified the amulet "Acaem" {Spirit Contam Fragile Str+9}
  4008 | D:5      | Reached XP level 7. HP: 57/61 MP: 6/6
  4013 | D:5      | Reached skill level 5 in Dodging
  4197 | D:5      | Found a stormy altar of Qazlal.
  4473 | D:5      | Reached skill level 7 in Axes
  4558 | D:6      | Found a hide-covered altar of Uskayaw.
  4579 | D:6      | Found Cifoixza's General Store.
  4600 | D:6      | Found a sand-covered staircase.
  4677 | Ossuary  | Entered an ossuary
  4803 | Ossuary  | Reached XP level 8. HP: 69/70 MP: 7/7
  4836 | Ossuary  | Reached skill level 8 in Axes
  4859 | Ossuary  | Reached skill level 5 in Armour
  5036 | D:6      | HP: 2/66 [wight/+4 trident (2)]
  5260 | D:6      | Bought a potion of might for 48 gold pieces
  5260 | D:6      | Bought a potion of curing for 36 gold pieces
  5260 | D:6      | Bought a +1 pair of boots of stealth for 198 gold pieces
  5385 | D:6      | Found a runed translucent door.
  5390 | D:6      | Noticed Eeriemist's ghost (novice TrFi)
  5411 | D:6      | Found a runed translucent door.
  5602 | D:6      | You fall into a shaft and drop 3 floors!
  5668 | D:9      | Noticed an efreet
  5678 | D:9      | Reached skill level 9 in Axes
  5688 | D:9      | Noticed a cyclops
  5696 | D:9      | Slain by an efreet

Illustrated notes

Levels and vault maps discovered:
D:1:      amcnicky_arrival_gap_in_the_tavern_cellar, layout_loops_cross
D:2:      layout_basic, basic_altar, minmay_distorted, uniq_jessica
D:3:      layout_loops_ring, nicolae_dithmenos_the_darkroom,
          hangedman_decor_points, minmay_misc_feat_plants
D:4:      layout_basic, lemuel_zombie_altar_kikubaaqudgha,
          mainiacjoe_overflow_swirl, minmay_misc_feat_tower
D:5:      layout_cave_pools, kennysheep_little_box,
          lemuel_coloured_pillars_altar, grunt_ministairs_3,
          hangedman_abyss_or_decor_passed, minmay_checkerbox
D:6:      layout_loops_corners, dreamdust_divine_triumvirate,
          mainiacjoe_overflow_alcove_4, ebering_ghost_sewer_f, serial_shops,
          nicolae_shop_peninsula, enter_ossuary_1, minmay_misc_feat_hallway
D:9:      layout_irregular_city, lair_entry_dummy, minmay_ruined_shrine,
          uniq_maggie

Skill      XL: |  1  2  3  4  5  6  7  8 |
---------------+-------------------------+-----
Axes           | 4 5 6 7 9 |  9.3
Armour         | 1 2 3 4 5 |  5.9
Fighting       | 4 5 6 7 |  7.0
Dodging        | 4 5 6 |  6.4

Action                     |  1- 3 |  4- 6 |  7- 9 || total
---------------------------+-------+-------+-------++-------
  Melee: Hand axe          |    57 |   174 |   140 ||   371
         Headbutt          |    11 |    33 |    40 ||    84
         Battleaxe         |       |       |    55 ||    55
    Use: Scroll            |       |     8 |     6 ||    14
         Potion            |       |       |     3 ||     3
   Stab: Sleeping          |     2 |       |       ||     2
 Armour: Robe              |     2 |       |       ||     2
         Leather armour    |    11 |       |       ||    11
         Chain mail        |     4 |    82 |    76 ||   162
  Dodge: Dodged            |    46 |    81 |    86 ||   213
  Block: Buckler           |       |    25 |     8 ||    33
